 Dungeon Crawl Stone Soup version 0.29.1-15-g9cfb28693d (webtiles) character file.

Game seed: 17520320924144945144

1549 croobank the Firebug (level 8, -9/87 HPs)
             Began as a Demonspawn Fire Elementalist on Mar 25, 2023.
             Mangled by Duvessa
             ... wielding a +0 rapier
              (13 damage)
             ... on level 6 of the Dungeon.
             The game lasted 00:15:51 (5380 turns).

croobank the Firebug (Demonspawn Fire Elementalist) Turns: 5380, Time: 00:15:51

Health: -9/87      AC: 13    Str:  8    XL:     8   Next: 57%
Magic:  1/14       EV: 13    Int: 18    God:
Gold:   187        SH:  0    Dex: 13    Spells: 12/15 levels left

rFire   + . .      SeeInvis +   a - +5 rapier of Hell's Wrath {protect, rPois rC+++ Int-2 SInv}
rCold   + + .      Faith    .   (no shield)
rNeg    . . .      Spirit   .   t - +0 robe
rPois   +          Reflect  .   (helmet restricted)
rElec   .          Harm     .   (no cloak)
rCorr   +          Rampage  .   (no gloves)
Will    .....                   d - +0 pair of boots
Stlth   ..........              (no amulet)
HPRegen 0.24/turn               i - ring of resist corrosion
MPRegen 0.14/turn               h - ring of fire

@: berserking, under a protective aura, very quick
A: horns 2, icy blue scales 2, demonic magic 1
a: no special abilities


You were on level 6 of the Dungeon.
You visited 1 branch of the dungeon, and saw 6 of its levels.

You collected 187 gold pieces.

Inventory:

Hand Weapons
 a - the +5 rapier of Hell's Wrath (weapon) {protect, rPois rC+++ Int-2 SInv}
   (You found it on level 2 of the Dungeon)

   It grants its wielder temporary protection when it strikes (+7 to AC).
   Int:       It affects your intelligence (-2).
   rC:        It renders you almost immune to cold.
   rPois:     It protects you from poison.
   SInv:      It lets you see invisible.
 b - a +1 sling
 c - a +2 vorpal halberd
 j - a +0 war axe
 q - a +0 short sword
Armour
 d - a +0 pair of boots (worn)
 m - a +0 ring mail
 t - a +0 robe (worn)
 E - a +0 leather armour
Magical Staves
 r - a staff of death
Jewellery
 h - a ring of fire (right hand)
 i - a ring of resist corrosion (left hand)
 v - a ring of positive energy
 x - a ring of see invisible
 H - a ring of protection from cold
Wands
 p - a wand of iceblast (5)
 C - a wand of mindburst (16)
Scrolls
 f - 2 scrolls of silence
 k - 4 scrolls of amnesia
 D - a scroll of magic mapping
Potions
 g - a potion of mutation
 l - 2 potions of attraction
 n - a potion of heal wounds
 o - 2 potions of brilliance
 s - a potion of degeneration
 u - 4 potions of curing
 w - a potion of haste
 F - a potion of lignification {unknown}
 I - 2 potions of flight {unknown}


   Skills:
 + Level 3.5 Fighting
 + Level 3.1 Short Blades
 + Level 4.1 Dodging
 + Level 4.3 Stealth
 + Level 4.3 Spellcasting
 + Level 4.1 Conjurations
 + Level 4.6 Fire Magic


You had 12 spell levels left.
You knew the following spells:

 Your Spells              Type           Power      Damage    Failure   Level
a - Foxfire               Conj/Fire      100%       2x1d9     2%          1
b - Scorch                Fire           62%        2d8       3%          2

Your spell library contained the following spells:

 Spells                   Type           Power      Damage    Failure   Level
 Conjure Flame            Conj/Fire      29%        6-21      7%          3
 Apportation              Tloc           6%         N/A       14%         1
 Necrotise                Necr           12%        1d4       14%         1
 Summon Small Mammal      Summ           12%        N/A       14%         1
 Inner Flame              Hex/Fire       18%        N/A       16%         3
 Flame Wave               Conj/Fire      29%        2d9       24%         4
 Portal Projectile        Hex/Tloc       6%         N/A       41%         3
 Summon Ice Beast         Ice/Summ       3%         N/A       82%         4


Dungeon Overview and Level Annotations

Branches:
Dungeon (6/15)
 Temple: D:4-7

Altars:

Annotations:
D:6 Duvessa, Sigmund


Innate Abilities, Weirdness & Mutations

You have a pair of horns on your head.
You are mostly covered in icy blue scales. (AC +3)
Spells you cast may paralyse adjacent enemies.


Message History

You impale the iguana!!
You kill the iguana!
Sigmund hits you but does no damage. Duvessa hits you but does no damage.
Duvessa attacks as you move away! Duvessa hits you with a +0 rapier!
* * * LOW HITPOINT WARNING * * *
The howler monkey hoots and howls with incredible vigour!
Okay, then.
Okay, then.
It was a potion of cancellation.
Your magical effects are unravelling.
You feel magically purged.
You feel yourself slow down. Duvessa barely misses you.
Sigmund hits you with a +3 scythe of protection.
* * * LOW HITPOINT WARNING * * *
You feel much better. Duvessa hits you with a +0 rapier!
The kobold brigand shouts!
It was a potion of berserk rage.
A red film seems to cover your vision as you go berserk!
You feel yourself moving faster!
You feel mighty!
You hear a shout!
Duvessa hits you with a +0 rapier!
* * * LOW HITPOINT WARNING * * *
Sigmund hits you with a +3 scythe of protection!
* * * LOW HITPOINT WARNING * * *
Duvessa barely misses you.
The howler monkey hits you but does no damage.
You hit Sigmund.
Sigmund is lightly wounded.
The howler monkey is no longer more vulnerable to fire.
Duvessa hits you with a +0 rapier!
* * * LOW HITPOINT WARNING * * *
The howler monkey hoots and howls with incredible vigour!
You hit Sigmund.
Sigmund is moderately wounded.
Sigmund barely misses you. Duvessa hits you but does no damage.
You hit Sigmund but do no damage. You headbutt Sigmund.
Sigmund is heavily wounded.
The howler monkey closely misses you. Duvessa hits you with a +0 rapier!
You die... #..####### #.....@@h## ##.#####eo# .. ##K# ..
KoK

.. ####
.. .. .#
.# #.##
.)
..##...
#####
##..
.......
...#
######...


You could see Duvessa (berserk), an orc warrior, a kobold brigand, Sigmund
(invisible), a howler monkey (catching breath), an orc wizard and 2 kobolds.

Vanquished Creatures
  Grinder (D:3)
  A water moccasin (D:5)
  2 black bears
  A phantom (D:5)
  A bullfrog (D:6)
  4 scorpions
  A necrophage (D:4)
  Dowan (D:6)
  2 jellies
  2 hounds
  An orc priest (D:6)
  4 orc wizards
  4 iguanas
  Natasha (thrice) (D:4)
  3 adders (D:5)
  6 gnolls
  A white imp (D:6)
  An ufetubus (D:5)
  A worm (D:2)
  10 orcs
  3 ball pythons
  5 bats
  3 endoplasms
  2 giant cockroaches
  15 hobgoblins
  2 jackals (D:1)
  4 quokkas
  7 frilled lizards
  9 goblins
  10 kobolds
  2 rats
112 creatures vanquished.

Vanquished Creatures (collateral kills)
  A foxfire (D:4)
1 creature vanquished.

Vanquished Creatures (others)
  109 foxfires
109 creatures vanquished.

Grand Total: 222 creatures vanquished

Notes
Turn   | Place    | Note
-------+----------+-------------------------------------------
     0 | D:1      | croobank the Demonspawn Fire Elementalist began the quest
                  | for the Orb.
     0 | D:1      | Reached XP level 1. HP: 13/13 MP: 3/3
   456 | D:1      | Gained mutation: You have a pair of small horns on your
                  | head. [demonic ancestry]
   456 | D:1      | Reached XP level 2. HP: 7/19 MP: 0/5
   649 | D:1      | Learned a level 2 spell: Scorch
  1363 | D:2      | Reached XP level 3. HP: 24/24 MP: 2/6
  1516 | D:2      | Identified the +5 rapier of Hell's Wrath {protect, rPois
                  | rC+++ Int-2 SInv}
  1869 | D:3      | Found a faded altar of an unknown god.
  2210 | D:3      | Noticed Grinder
  2216 | D:3      | Paralysed by Grinder for 3 turns
  2221 | D:3      | Killed Grinder
  2222 | D:3      | Reached skill level 1 in Fighting
  2222 | D:3      | Reached skill level 1 in Short Blades
  2222 | D:3      | Reached XP level 4. HP: 17/32 MP: 4/8
  2222 | D:3      | Gained mutation: You are partially covered in icy blue
                  | scales. (AC +2) [demonic ancestry]
  2222 | D:3      | Reached XP level 5. HP: 20/37 MP: 4/9
  2531 | D:3      | Gained mutation: Spells you cast may paralyse adjacent
                  | enemies. [demonic ancestry]
  2531 | D:3      | Reached XP level 6. HP: 43/43 MP: 6/10
  3038 | D:4      | Got the Parchment of Shifting Beckoning
  3655 | D:4      | Noticed Natasha
  3660 | D:4      | Killed Natasha
  3661 | D:4      | Gained mutation: You have a pair of horns on your head.
                  | [demonic ancestry]
  3661 | D:4      | Reached XP level 7. HP: 50/50 MP: 6/12
  3790 | D:4      | Noticed Natasha
  3794 | D:4      | Killed Natasha
  3814 | D:4      | Noticed Natasha
  3818 | D:4      | Killed Natasha
  4008 | D:5      | Entered Level 5 of the Dungeon
  4792 | D:5      | Gained mutation: You are mostly covered in icy blue scales.
                  | (AC +3) [demonic ancestry]
  4792 | D:5      | Reached XP level 8. HP: 58/58 MP: 7/13
  5310 | D:6      | Noticed Duvessa
  5311 | D:6      | Noticed Dowan
  5322 | D:6      | Killed Dowan
  5349 | D:6      | Noticed Sigmund
  5378 | D:6      | HP: 3/87 [Duvessa/+0 rapier (10)]
  5380 | D:6      | Mangled by Duvessa

Illustrated notes

Levels and vault maps discovered:
D:1:      spicycebolla_arrival_xxxplode, layout_rooms, nrook_loot_triangle
D:2:      cheibrodos_greedy_goblins, layout_rooms
D:3:      layout_basic, basic_ecumenical_altar, dreamdust_princess_corridor,
          minmay_misc_feat_enclosed, minmay_checkerbox, uniq_grinder
D:4:      layout_loops_ring, eino_small_chamber_without_monster, uniq_natasha
D:5:      layout_basic
D:6:      layout_rooms, temple_statues, serial_shops, kennysheep_mini,
          grunt_ministairs_3, minmay_between, uniq_sigmund, uniq_duvessa

Skill      XL: |  1  2  3  4  5  6  7  8 |
---------------+-------------------------+-----
Stealth        | 2 3 4 |  4.3
Dodging        | 2 3 4 |  4.1
Fire Magic     | 3 4 |  4.6
Fighting       | 1 2 3 |  3.5
Short Blades   | 1 2 3 |  3.1
Conjurations   | 2 3 4 |  4.1
Spellcasting   | 3 4 |  4.3

Action                   |  1- 3 |  4- 6 |  7- 9 || total
-------------------------+-------+-------+-------++-------
Melee: Unarmed           |    12 |       |       ||    12
       Headbutt          |     3 |     2 |    10 ||    15
       Whip              |     2 |       |       ||     2
       Rapier            |    21 |    23 |    60 ||   104
 Fire: Sling             |     5 |    11 |       ||    16
Throw: Throwing net      |       |       |     1 ||     1
 Cast: Foxfire           |    39 |    18 |    19 ||    76
       Scorch            |    12 |    17 |    39 ||    68
  Use: Potion            |     1 |       |     6 ||     7
       Scroll            |       |     8 |     8 ||    16
 Stab: Paralysed         |       |     3 |    13 ||    16
       Sleeping          |       |     1 |       ||     1
Armor: Robe              |     7 |    16 |    42 ||    65
Dodge: Dodged            |    24 |    20 |    64 ||   108
